 Dungeon Crawl Stone Soup version 0.31-a0-161-gb58dd9be76 (webtiles) character file.

Game seed: 2248157329563492469

597 sanka the Conjurer (level 6, -2/51 HPs)
             Began as a Demigod Conjurer on June 12, 2023.
             Killed from afar by an orc wizard (11 damage)
             ... with a puff of flame
             ... on level 5 of the Dungeon.
             The game lasted 00:07:54 (4222 turns).

sanka the Conjurer (Demigod Conjurer)               Turns: 4222, Time: 00:07:56

Health: -2/51      AC:  2    Str:  8    XL:     6   Next: 95%
Magic:  2/11       EV: 13    Int: 28    God:
Gold:   27         SH:  5    Dex: 12    Spells: 6/9 levels left

rFire   . . .        n - +2 short sword (speed)
rCold   . . .        (no shield)
rNeg    . . .        a - +0 robe
rPois   .            (no helmet)
rElec   .            (no cloak)
rCorr   .            (no gloves)
SInv    .            (no boots)
Will    .....        o - amulet of reflection
Stlth   ++           (no ring)
HPRegen 0.28/turn    (no ring)
MPRegen 0.12/turn

%: reflection
@: no status effects
A: high MP 1, forlorn, divine attributes
a: no special abilities


You were on level 5 of the Dungeon.
You visited 1 branch of the dungeon, and saw 7 of its levels.

You collected 115 gold pieces.
You spent 88 gold pieces at shops.


Innate Abilities, Weirdness & Mutations

You have an increased reservoir of magic. (+10% MP)
You shall have no god before yourself.
Your divine heritage dramatically boosts your attributes as you level up.


   Skills:
 + Level 3.3 Fighting
 + Level 4.0 Dodging
 - Level 1.7 Stealth
 - Level 2.0 Spellcasting
 - Level 6.0 Conjurations


You had 6 spell levels left.
You knew the following spells:

 Your Spells              Type           Power      Damage    Failure   Level
x - Searing Ray           Conj           72%        2d7       1%          2
z - Magic Dart            Conj           100%       1d8       1%          1

Your spell library contained the following spells:

 Spells                   Type           Power      Damage    Failure   Level
 Dazzling Flash           Conj/Hex       38%        N/A       8%          3
 Sting                    Tmut/Pois      8%         1d3       9%          1
 Mephitic Cloud           Conj/Pois/Air  14%        N/A       12%         3
 Call Imp                 Summ           4%         N/A       14%         2
 Poisonous Vapours        Pois/Air       4%         N/A       14%         2
 Fulminant Prism          Conj/Hex       9%         3d6       26%         4
 Iskenderun's Mystic Bla  Conj/Tloc      19%        2d6       26%         4
 Olgreb's Toxic Radiance  Pois           2%         N/A       65%         4

Inventory:

Hand Weapons
 n - a +2 short sword of speed (weapon)
 p - a +4 flail
Armour
 a - a +0 robe (worn)
 q - a +0 pair of gloves
Jewellery
 o - an amulet of reflection (around neck)
Wands
 j - a wand of roots (3)
Scrolls
 c - 3 scrolls of fog {unknown}
 f - a scroll of teleportation {unknown}
 h - 2 scrolls of enchant armour {unknown}
 l - a scroll of amnesia {unknown}
 s - a scroll of identify {unknown}
 u - a scroll of silence {unknown}
Potions
 b - a potion of magic
 d - 2 potions of berserk rage {unknown}
 e - 2 potions of resistance {unknown}
 g - a potion of invisibility {unknown}
 i - a potion of attraction {unknown}
 k - a potion of mutation {unknown}
 m - 4 potions of curing {@q1}
 r - a potion of degeneration {unknown}
 t - a potion of heal wounds {@q2}

Dungeon Overview and Level Annotations

Branches:
Dungeon (7/15)
 Temple: D:4-7

Shops:
D:3 =!

Annotations:
D:3 2 runed translucent doors, KimchiStew's ghost, weakling TrMo
D:5 Grinder

..
...▒...o...▒▒▒...h▒▒.▒....
..▒▒..▒...w.[.▒
▒............
.....▒..h....▒
▒▒▒▒▒)....... ▒..▒.......▒
▒...o.......
..▒▒▒..........▒
▒........▒▒.
......?.▒▒▒▒▒▒▒▒
▒........▒ .......)o)†.▒.▒
▒▒▒.....o.....
........▒▒▒'▒'▒
▒.............
........▒.'.Zp+
▒.......▒.....
£.......▒▒▒.5o▒
▒.......▒.....
........▒.'.ZZ+
▒....▒▒▒▒.....
▒.......▒+▒'▒'▒ ▒....▒▒▒▒
...▒ ▒.......▒ ▒.▒.+
▒........
.......▒▒▒▒▒▒▒▒▒........
▒.....▒▒.........
▒....▒▒.........
▒....▒▒.........


You could see Grinder, an orc wizard, an elf zombie, an orc skeleton and a human
skeleton.


Message History

* * * LOW HITPOINT WARNING * * *
You open the door.
A human skeleton comes into view.
The orc wizard hits you with a +0 dagger.
* * * LOW HITPOINT WARNING * * *
The elf zombie hits you.
* * * LOW HITPOINT WARNING * * *
The orc wizard attacks as you move away!
The orc wizard closely misses you. You block the human skeleton's attack.
The elf zombie hits you but does no damage.
There is an open door here.
The orc wizard closely misses you.
You open the door.
An orc skeleton comes into view.
The orc wizard hits you with a +0 dagger.
* * * LOW HITPOINT WARNING * * *
You block Grinder's attack. Grinder gestures at you.
Pain shoots through your body!
* * * LOW HITPOINT WARNING * * *
The elf zombie misses you.
You open the door. Grinder hits you.
* * * LOW HITPOINT WARNING * * *
You writhe in agony.
* * * LOW HITPOINT WARNING * * *
The orc wizard casts a spell at you. The puff of flame hits you!
You die...

Action                     |  1- 3 |  4- 6 || total
---------------------------+-------+-------++-------
  Melee: Short sword       |    19 |    43 ||    62
   Cast: Magic Dart        |    53 |    75 ||   128
         Searing Ray       |     2 |    15 ||    17
  Evoke: Wand              |       |     1 ||     1
   Stab: Sleeping          |       |     1 ||     1
 Armour: Robe              |    10 |     9 ||    19
  Dodge: Dodged            |    14 |    35 ||    49
  Block: Other             |       |    11 ||    11

Levels and vault maps discovered:
D:1:      lightli_arrival_statue_moat, layout_loops_cross
D:2:      layout_basic, lexackson_kobold_supper, uniq_sigmund, uniq_terence
D:3:      layout_basic, serial_shops, shop, ebering_ghost_disaster_area,
          nicolae_shop_unique_rings, nrook_mini_vaults
D:4:      layout_rooms, nicolae_sif_muna_condensation,
          hangedman_decor_clover_reticule
D:5:      layout_basic, grunt_temple_overflow_open, okawaru_gym_becter,
          minmay_temple_entry_junction_2, nicolae_ossuary_entry_catacombs,
          uniq_eustachio, uniq_grinder
D:6:      layout_cave_pools, serial_shops, shop, uniq_edmund,
          uniq_crazy_yiuf_cottage
D:7:      layout_loops_cross, mainiacjoe_overflow_paths, makhleb_grotto_becter,
          serial_shops, kennysheep_little_box, nicolae_nh_ransacked_shop

Notes
Turn   | Place    | Note
-------+----------+-------------------------------------------
     0 | D:1      | sanka the Demigod Conjurer began the quest for the Orb.
     0 | D:1      | Reached XP level 1. HP: 14/14 MP: 5/5
    76 | D:1      | Reached skill level 2 in Spellcasting
   382 | D:1      | Reached skill level 4 in Conjurations
   382 | D:1      | Reached XP level 2. HP: 20/20 MP: 2/7
   385 | D:1      | Learned a level 2 spell: Searing Ray
  1285 | D:2      | Noticed Sigmund
  1289 | D:2      | Reached XP level 3. HP: 26/26 MP: 3/8
  1290 | D:2      | Killed Sigmund
  1291 | D:2      | Reached skill level 6 in Conjurations
  1291 | D:2      | Reached skill level 2 in Dodging
  1291 | D:2      | Reached XP level 4. HP: 34/34 MP: 0/9
  1291 | D:2      | Reached XP level 5. HP: 39/39 MP: 0/10
  1492 | D:2      | Noticed Terence
  1498 | D:2      | Killed Terence
  1499 | D:2      | Reached skill level 1 in Fighting
  2241 | D:3      | Found Rustrae's One-of-a-Kind Rings.
  2661 | D:3      | Found Paudok's Distillery.
  2713 | D:3      | Reached XP level 6. HP: 48/48 MP: 8/11
  2714 | D:3      | Reached skill level 2 in Fighting
  2813 | D:3      | Reached skill level 3 in Dodging
  2982 | D:3      | Found a large runed translucent door.
  2982 | D:3      | Found a large runed translucent door.
  2983 | D:3      | Noticed KimchiStew's ghost (weakling TrMo)
  3568 | D:3      | Bought a potion of curing for 33 gold pieces
  3568 | D:3      | Bought a potion of heal wounds for 55 gold pieces
  4123 | D:5      | Entered Level 5 of the Dungeon
  4156 | D:5      | Noticed Grinder
  4158 | D:5      | Paralysed by Grinder for 2 turns
  4191 | D:5      | Reached skill level 3 in Fighting
  4198 | D:5      | Reached skill level 4 in Dodging
  4222 | D:5      | Killed from afar by an orc wizard

Vanquished Creatures
  Sigmund (D:2)
  A phantom (D:4)
  3 hounds (D:5)
  An iguana (D:4)
  Terence (D:2)
  A human skeleton (D:5)
  2 orc wizards (D:3)
  4 gnolls (D:3)
  An adder (D:3)
  3 worms
  2 dart slugs
  13 orcs
  4 ball pythons
  2 endoplasms
  2 giant cockroaches (D:1)
  2 goblins
  9 hobgoblins
  4 quokkas
  2 bats (D:1)
  3 frilled lizards
  14 kobolds
  9 rats
84 creatures vanquished.
